 Dungeon Crawl Stone Soup version 0.23-a0-704-g7fdf9c5 (webtiles) character file.

44 galech the Skirmisher (level 3, 0/43 HPs)
             Began as a Demonspawn Fighter on Jan 14, 2019.
             Succumbed to Sigmund's poison
             ... on level 2 of the Dungeon.
             The game lasted 00:01:35 (871 turns).

galech the Skirmisher (Demonspawn Fighter)           Turns: 871, Time: 00:01:35

Health: 0/43       AC: 21    Str: 21    XL:     3   Next: 39%
Magic:  3/3        EV:  2    Int: 14    God:
Gold:   44         SH:  9    Dex: 13    Spells: 2/2 levels left

rFire    . . .     SeeInvis .   a - +0 war axe
rCold    . . .     Gourm    .   c - +0 shield
rNeg     + + +     Faith    .   (armour currently unavailable)
rPois    +         Spirit   .   (helmet currently unavailable)
rElec    .         Reflect  .   (cloak currently unavailable)
rCorr    .         Harm     .   (gloves currently unavailable)
MR       .....     NoTele   +   (boots currently unavailable)
Stlth    +.........             (no amulet)
HPRegen  0.14/turn              (no ring)
MPRegen  0.08/turn              (no ring)

@: mighty, brilliant, lethally poisoned (0 -> -4), tree-form
A: mutation resistance 1
a: no special abilities


You were on level 2 of the Dungeon.
You were not hungry.
You were a tree.
You visited 1 branch of the dungeon, and saw 2 of its levels.

You collected 44 gold pieces.

Inventory:

Hand Weapons
 a - a +0 war axe (weapon)
Armour
 c - a +0 shield (worn)
 h - a +0 plate armour
 m - a +1 chain mail of cold resistance (melded)
Scrolls
 k - a scroll of fear {unknown}
 l - a scroll of teleportation {unknown}
Potions
 d - 2 potions of might
 g - a potion of brilliance
Comestibles
 f - 3 rations
 i - 2 chunks of flesh


   Skills:
 + Level 3.3 Fighting
 + Level 2.6 Axes
 + Level 2.9 Armour
 + Level 3.0 Shields


You had 2 spell levels left.
You didn't know any spells.
Your spell library was empty.

Dungeon Overview and Level Annotations

Branches:
Dungeon (2/15)

Altars:

Annotations:
D:2 Sigmund


Innate Abilities, Weirdness & Mutations

((Your flesh is cold resistant. (rC+)))
((You have large cloven feet.))
You are somewhat resistant to further mutation.


Message History

* * * LOW HITPOINT WARNING * * *
You feel sick.
You hear some strange, mumbled words.
A puff of flame appears from out of thin air!
Helpless, you fail to dodge the puff of flame.
* * * LOW HITPOINT WARNING * * *
* * * LOW HITPOINT WARNING * * *
You feel sick. Something hits you but does no damage.
* * * LOW HITPOINT WARNING * * *
You feel sick.
You hear some strange, mumbled words.
A puff of flame appears from out of thin air!
You block the puff of flame.
* * * LOW HITPOINT WARNING * * *
You feel sick.
You hear some strange, mumbled words.
A puff of flame appears from out of thin air!
The puff of flame hits you! Something hits you but does no damage.
You die...

##### #####...#
........#########
#..<.........
#######.#########.
#....(..#
#.##....#
#♣##.##.#
#.##.##...
#{##.##.###
#....##..
...###### ##.# .#
.#


There were no monsters in sight!

Vanquished Creatures
  An adder (D:2)
  3 dart slugs (D:1)
  4 giant cockroaches
  5 goblins (D:1)
  4 hobgoblins (D:1)
  6 kobolds (D:1)
  A bat (D:1)
  A frilled lizard (D:1)
  4 rats (D:1)
29 creatures vanquished.

Notes
Turn   | Place    | Note
-------+----------+-------------------------------------------
     0 | D:1      | galech the Demonspawn Fighter began the quest for the Orb.
     0 | D:1      | Reached XP level 1. HP: 18/18 MP: 1/1
   167 | D:1      | Gained mutation: Your flesh is cold resistant. (rC+)
                  | [demonic ancestry]
   167 | D:1      | Reached XP level 2. HP: 24/24 MP: 2/2
   461 | D:1      | Reached XP level 3. HP: 27/29 MP: 3/3
   845 | D:2      | Noticed Sigmund
   852 | D:2      | Gained mutation: You are somewhat resistant to further
                  | mutation. [potion of mutation]
   852 | D:2      | Gained mutation: You have large cloven feet. [potion of
                  | mutation]
   868 | D:2      | HP: 2/43 [poisoned by Sigmund]
   871 | D:2      | Succumbed to Sigmund's poison

Vault maps used:
D:1:      psy_arrival_dodecagon, minmay_liquid_box
D:2:      chequers_ecumenical_altar_simple, uniq_sigmund

Skill      XL: |  1  2 |
---------------+-------+-----
Axes           | 2 |  2.6
Shields        | 3 |  3.0
Fighting       | |  3.3
Armour         | |  2.9

Action                   || total
-------------------------++-------
Melee: War axe           ||    89
  Use: Potion            ||     5
Armor: Plate armour      ||    53
       Chain mail        ||    31
       Skin              ||     6
Dodge: Dodged            ||    14
Block: Shield            ||    48

Table legend:
 A = Non-vault XP
 B = Vault XP
 C = Vault XP percentage of total XP
 D = Non-vault monster count
 E = Vault monster count
 F = Vault count percentage of total count
                 A         B        C        D         E       F
            +---------+---------+-------+---------+---------+-------
      Total |      63 |       0 |   0.0 |      29 |       0 |   0.0
            +---------+---------+-------+---------+---------+-------
        D:1 |      48 |       0 |   0.0 |      27 |       0 |   0.0
        D:2 |      15 |       0 |   0.0 |       2 |       0 |   0.0
            +---------+---------+-------+---------+---------+-------
